 Dungeon Crawl Stone Soup version 0.27-a0-1137-g3ef0f4ec91 (webtiles) character file.

Game seed: 6497411160475571814

459 leviel the Bolt Thrower (level 6, -2/52 HPs)
             Began as a Minotaur Hunter on May 6, 2021.
             Slain by an orc warrior
             ... wielding a +0 dire flail of venom
              (14 damage)
             ... on level 5 of the Dungeon.
             The game lasted 00:06:07 (4574 turns).

leviel the Bolt Thrower (Minotaur Hunter)           Turns: 4574, Time: 00:06:09

Health: -2/52      AC:  4    Str: 17    XL:     6   Next: 78%
Magic:  5/5        EV: 11    Int:  8    God:
Gold:   210        SH:  3    Dex: 12    Spells: 5/5 levels left

rFire    + . .     SeeInvis .   b - +0 falchion
rCold    . . .     Faith    .   w - +0 buckler
rNeg     . . .     Spirit   .   c - +0 leather armour
rPois    .         Reflect  .   (helmet restricted)
rElec    .         Harm     .   (no cloak)
rCorr    .         Rampage  .   y - +0 pair of gloves
Will     .....                  (no boots)
Stlth    +.........             (no amulet)
HPRegen  0.17/turn              h - ring of protection from fire
MPRegen  0.09/turn              (no ring)

@: lethally poisoned (-2 -> -18)
A: horns 2, retaliatory headbutt
a: no special abilities


You were on level 5 of the Dungeon.
You visited 2 branches of the dungeon, and saw 6 of its levels.

You collected 210 gold pieces.

Inventory:

Hand Weapons
 a - a +1 hand crossbow
 b - a +0 falchion (weapon)
Missiles
 d - 38 bolts
 A - a curare-tipped dart (quivered)
Armour
 c - a +0 leather armour (worn)
 w - a +0 buckler (worn)
 y - a +0 pair of gloves (worn)
Jewellery
 h - a ring of protection from fire (left hand)
Wands
 t - a wand of polymorph (10)
 B - a wand of iceblast (10)
Scrolls
 g - a scroll of enchant weapon {unknown}
 k - a scroll of silence {unknown}
 l - a scroll of vulnerability {unknown}
 m - 6 scrolls of identify {unknown}
 n - a scroll of noise {unknown}
 o - a scroll of immolation {unknown}
 r - 2 scrolls of magic mapping {unknown}
 s - a scroll of teleportation {unknown}
 u - a scroll of fear {unknown}
 v - a scroll of fog {unknown}
Potions
 e - 2 potions of mutation {unknown}
 f - a potion of berserk rage {unknown}
 i - a potion of magic {unknown}
 j - a potion of cancellation {unknown}
 p - a potion of lignification {unknown}
 q - 2 potions of brilliance {unknown}
 x - a potion of haste {unknown}
 z - 2 potions of curing {unknown}


   Skills:
 * Level 4.2 Fighting
 + Level 3.6 Long Blades
 + Level 6.7 Crossbows
 + Level 2.6 Armour
 + Level 2.6 Dodging
 + Level 1.1 Stealth


You had 5 spell levels left.
You didn't know any spells.
Your spell library contained the following spells:

 Spells                   Type           Power      Damage    Failure   Level
 Animate Skeleton         Necr           0%         N/A       65%         1
 Pain                     Necr           0%         1d4       65%         1
 Vampiric Draining        Necr           0%         2d6       95%         3
 Animate Dead             Necr           0%         N/A       100%        4
 Agony                    Necr           0%         N/A       100%        5


Dungeon Overview and Level Annotations

Branches:
Dungeon (5/15)             Temple (1/1) D:4

Altars:
Dithmenos
Elyvilon
Makhleb
Nemelex Xobeh
Qazlal
Ru
Sif Muna
Uskayaw
Vehumet
Xom
Zin
The Shining One


Innate Abilities, Weirdness & Mutations

You have a pair of horns on your head.
You reflexively headbutt those who attack you in melee.


Message History

There is an open door here.
You now have 201 gold pieces (gained 6).
You now have 210 gold pieces (gained 9).
There is an open door here.
You open the door.
There is an open door here.
There is an open door here.
As you open the door, it creaks loudly!
There is an open door here.
m - 6 scrolls labelled NES OSMY TYOFI (gained 1)
Found a stone staircase leading up.
An orc priest comes into view. It is wielding a +0 falchion.
An orc priest is nearby!
There is a stone staircase leading up here.
An orc warrior comes into view.
It is wielding a +0 dire flail of venom.
The orc warrior shouts!
You hear a shout! x2
You hit the orc priest. You headbutt the orc priest!
The orc priest is almost dead.
An orc comes into view. It is wielding a +0 dagger.
You hit the orc warrior but do no damage.
You hit the orc warrior but do no damage.
You block the orc warrior's attack.
The orc priest mumbles some strange prayers to Beogh against you.
Beogh smites you!
An orc comes into view. It is wielding a +0 short sword.
The orc warrior barely misses you.
You closely miss the orc warrior.
The orc warrior hits you with a +0 dire flail of venom!
You are poisoned.
You closely miss the orc warrior.
You feel very sick.
The orc warrior hits you with a +0 dire flail of venom.
You are lethally poisoned!
You feel very sick.
The orc priest casts a cantrip, but nothing happens.
There is a stone staircase leading up here.
* * * LOW HITPOINT WARNING * * *
You feel very sick.
The orc warrior hits you with a +0 dire flail of venom!
You die...

# ### #.. ### # ### #..
################## #..
#.ooo@........##.###.#
#...###.####.#.##......
#.... #.# ##.#.##.###.#
#..o #.# #....##.##..#
#.. #.# #....##.##.##
.. #.# #....##.##.# .
#.###.##.##.##.##
#........##......
##......######.#.


You could see an orc warrior, an orc priest and an orc.

Vanquished Creatures
  A necrophage (D:4)
  A bullfrog (D:4)
  2 hounds (D:5)
  A jelly (D:4)
  An orc priest (D:5)
  An iguana (D:4)
  Ijyb (D:3)
  A howler monkey skeleton (D:4)
  4 adders
  An adder skeleton (D:2)
  2 orcs (D:5)
  11 endoplasms
  7 giant cockroaches
  7 goblins
  7 hobgoblins
  3 jackals (D:1)
  9 quokkas
  12 ball pythons
  2 bats (D:1)
  6 frilled lizards
  7 kobolds
  4 rats
91 creatures vanquished.

Notes
Turn   | Place    | Note
-------+----------+-------------------------------------------
     0 | D:1      | leviel the Minotaur Hunter began the quest for the Orb.
     0 | D:1      | Reached XP level 1. HP: 18/18 MP: 0/0
   158 | D:1      | Reached XP level 2. HP: 25/25 MP: 1/1
   173 | D:1      | Reached skill level 5 in Crossbows
   467 | D:1      | Reached XP level 3. HP: 30/30 MP: 2/2
   472 | D:1      | Reached skill level 1 in Armour
  1468 | D:2      | Found a faded altar of an unknown god.
  1686 | D:3      | Reached XP level 4. HP: 37/37 MP: 3/3
  1798 | D:3      | Noticed Ijyb
  1802 | D:3      | Killed Ijyb
  1803 | D:3      | Reached skill level 6 in Crossbows
  1805 | D:3      | Found a shimmering blue altar of Sif Muna.
  2231 | D:3      | Found a shimmering altar of Xom.
  2705 | D:4      | Reached XP level 5. HP: 43/45 MP: 4/4
  2731 | D:4      | Reached skill level 1 in Long Blades
  2731 | D:4      | Reached skill level 1 in Stealth
  2843 | D:4      | Noticed a necrophage
  2851 | D:4      | Killed a necrophage
  2852 | D:4      | Reached XP level 6. HP: 22/52 MP: 5/5
  3577 | D:4      | Found a staircase to the Ecumenical Temple.
  3664 | Temple   | Entered the Ecumenical Temple
  4060 | D:5      | Entered Level 5 of the Dungeon
  4567 | D:5      | Noticed an orc warrior
  4574 | D:5      | Slain by an orc warrior

Illustrated notes

Levels and vault maps discovered:
D:1:      minmay_arrival_widening_spiral_wide, layout_rooms,
          minmay_close_crescents
D:2:      layout_loops_ring, shapermc_ecumenical_altar_totnotflames
D:3:      minmay_evil_eye, layout_basic, lemuel_crystal_altar,
          amcnicky_altar_gilded, minmay_misc_feat_rows,
          minmay_misc_feat_nine_boxes, minmay_goblin_kobold_house, uniq_ijyb
D:4:      cheibrodos_barr_body, layout_loops_corners,
          minmay_temple_entry_sparse_star, serial_shops, shop
D:5:      layout_loops_corners, kennysheep_little_box, cheibriados_altar_1,
          lemuel_coloured_pillars_altar, minmay_checkerbox, uniq_pikel
Temple:   compressed_dpeg_circular_temple

Skill      XL: |  1  2  3  4  5  6 |
---------------+-------------------+-----
Crossbows      | 5 6 |  6.7
Armour         | 1 2 |  2.6
Fighting       | 3 4 |  4.2
Long Blades    | 2 3 |  3.6
Stealth        | 1 |  1.1
Dodging        | |  2.6

Action                   |  1- 3 |  4- 6 || total
-------------------------+-------+-------++-------
Melee: Falchion          |     9 |    92 ||   101
       Headbutt          |     1 |    26 ||    27
 Fire: Hand crossbow     |    78 |    26 ||   104
Throw: Dart              |       |     2 ||     2
Armor: Leather armour    |     5 |    10 ||    15
Dodge: Dodged            |    23 |    64 ||    87
Block: Buckler           |       |     5 ||     5
       Rpst.: Falchion   |     4 |    10 ||    14

Table legend: (Time is in decaauts)
 A = Elapsed time spent in this place.
 B = Non-inter-level travel time spent in this place.
 C = Inter-level travel time spent in this place.
 D = Time resting spent in this place.
 E = Time spent auto-exploring this place.
 F = Levels seen in this place.
 G = Mean time per level.
                   A        B        C        D        E       F      G
               +--------+--------+--------+--------+--------+-----+--------+
         Total |   4619 |   4451 |    168 |   1432 |   2526 |   6 |  769.8 |
       Dungeon |   4270 |   4116 |    154 |   1185 |   2451 |   5 |  854.0 |
        Temple |    348 |    334 |     14 |    247 |     75 |   1 |  348.0 |
               +--------+--------+--------+--------+--------+-----+--------+

Top non-repeatable levels by time:
     D:4: 1125 daAuts
     D:2: 1024 daAuts
     D:3: 941 daAuts
     D:1: 662 daAuts
     D:5: 517 daAuts
  Temple: 348 daAuts
